Map: Ruinen von Seras

Players

fragleader - Winner!

  • Race: Protoss Protoss
  • League: Silver

iTaynT

  • Race: Terran Terran
  • League: Bronze

VOD

Have the link to the VOD?

Description

Time

  • Played on: Dec. 15, 2015, 4:17 p.m.
  • Length: 18:44
Show
View Real Time Build Order
Export as new Build Order

fragleader Protoss - Winner!

Build Orders:  

Get SALT Encoding   

  12  0:01  Probe (Chrono Boost)  
  13  0:11  Probe (Chrono Boost)  
  14  0:18  Pylon  
  14  0:23  Probe (Chrono Boost)  
  15  0:36  Probe (Chrono Boost)  
  15  0:41  Gateway  
  16  0:47  Probe (Chrono Boost)  
  17  0:57  Gateway  
  17  0:58  Probe (Chrono Boost)  
  18  1:05  Assimilator  
  18  1:08  Probe (Chrono Boost)  
  19  1:18  Pylon  
  19  1:19  Probe (Chrono Boost)  
  20  1:31  Cybernetics Core  
  20  1:32  Probe (Chrono Boost)  
  21  1:42  Assimilator  
  21  1:44  Probe (Chrono Boost)  
  22  1:57  Zealot  
  22  1:58  Zealot  
  22  1:59  Probe (Chrono Boost)  
  27  2:06  Pylon  
  27  2:07  Warp Gate (Chrono Boost)  
  27  2:14  Probe (Chrono Boost)  
  28  2:24  Mothership Core (Chrono Boost)  
  30  2:50  Probe  
  31  2:53  Nexus  
  31  3:03  Probe  
  32  3:19  Probe  
  33  3:20  Stalker  
  33  3:22  Stalker  
  33  3:26  Pylon  
  37  3:35  Probe  
  37  3:36  Robotics Facility  
  38  3:42  Pylon  
  38  4:00  Probe  
  39  4:04  Probe  
  39  4:06  Forge  
  40  4:14  Probe  
  40  4:15  Stalker  
  40  4:16  Stalker  
  45  4:20  Probe  
  45  4:24  Observer (Chrono Boost)  
  47  4:27  Probe  
  48  4:34  Probe  
  48  4:36  Gateway  
  49  4:41  Pylon  
  49  4:43  Pylon  
  49  4:45  Probe  
  50  4:50  Probe  
  51  4:55  Sentry x2  
  51  4:57  Probe  
  56  5:07  Probe  
  56  5:10  Protoss Ground Armor Level 1 (Chrono Boost)  
  56  5:12  Immortal (Chrono Boost)  
  61  5:32  Probe  
  61  5:34  Probe  
  63  5:43  Probe  
  63  5:47  Photon Cannon  
  63  5:49  Stalker x2, Sentry, Pylon, Warp Prism (Chrono Boost)  
  72  5:55  Probe  
  72  5:57  Probe  
  74  6:06  Probe  
  74  6:09  Probe  
  74  6:10  Pylon  
  76  6:13  Zealot x2  
  76  6:15  Zealot  
  76  6:16  Probe  
  83  6:21  Probe  
  84  6:31  Probe  
  85  6:33  Probe  
  85  6:34  Stalker  
  85  6:35  Nexus, Zealot x2  
  85  6:38  Pylon  
  92  6:45  Immortal  
  96  7:01  Zealot  
  98  7:02  Zealot x2  
  102  7:10  Probe  
  102  7:12  Probe  
  96  7:35  Probe  
  96  7:36  Probe  
  92  7:39  Stalker x3  
  98  7:51  Probe  
  98  7:52  Twilight Council  
  98  7:53  Probe  
  98  7:54  Probe, Gateway  
  98  7:56  Gateway  
  101  7:59  Assimilator  
  101  8:01  Assimilator  
  101  8:03  Probe  
  101  8:05  Probe  
  103  8:06  Pylon  
  103  8:10  Assimilator  
  103  8:11  Photon Cannon  
  103  8:13  Photon Cannon, Assimilator  
  103  8:14  Pylon  
  103  8:19  Stalker, Sentry, Zealot  
  109  8:25  Nexus  
  109  8:27  Pylon  
  108  8:40  Stalker  
  110  8:43  Stalker x2  
  114  9:06  Probe x2  
  114  9:07  Probe  
  117  9:13  Assimilator  
  117  9:17  Charge  
  117  9:19  Immortal, Assimilator  
  117  9:22  Pylon  
  121  9:24  Pylon, Robotics Bay  
  121  9:26  Photon Cannon  
  121  9:28  Pylon  
  121  9:33  Probe x2  
  121  9:34  Probe  
  121  9:37  Photon Cannon  
  124  9:41  Photon Cannon  
  124  9:42  Probe  
  124  9:43  Probe, Photon Cannon  
  124  9:44  Probe  
  124  9:45  Photon Cannon  
  126  9:49  Photon Cannon  
  126  9:52  Stalker x2, Zealot x2  
  132  10:11  Protoss Ground Armor Level 2 (Chrono Boost)  
  132  10:24  Photon Cannon  
  132  10:27  Photon Cannon  
  132  10:29  Zealot x4  
  132  10:31  Pylon  
  140  10:36  Extended Thermal Lance  
  124  11:04  Stalker  
  124  11:05  Stalker, Zealot  
  124  11:06  Zealot  
  128  11:36  Stalker x2  
  128  11:37  Sentry, Zealot  
  132  11:41  Colossus  
  132  11:43  Probe x2  
  132  11:44  Probe  
  132  11:45  Pylon  
  141  11:54  Photon Cannon  
  141  11:56  Pylon  
  141  11:58  Photon Cannon  
  141  12:09  Protoss Ground Weapons Level 1 (Chrono Boost)  
  141  12:10  Forge  
  141  12:25  Nexus  
  141  12:28  Gateway  
  141  12:29  Gateway  
  141  12:32  Robotics Facility  
  141  12:35  Blink  
  141  12:38  Nexus  
  141  12:39  Templar Archives  
  141  12:40  Pylon  
  141  12:42  Colossus, Pylon  
  147  12:46  Assimilator  
  147  12:51  Assimilator  
  147  12:53  Pylon  
  147  12:56  Stalker x2, Zealot, Protoss Ground Armor Level 3 (Chrono Boost)  
  147  12:57  Zealot, Pylon  
  155  13:11  Zealot  
  157  13:18  Zealot  
  157  13:19  Stalker, Zealot  
  163  13:46  Probe  
  163  13:48  Probe  
  155  13:49  Stalker x4  
  155  13:54  Colossus  
  169  14:05  Stalker  
  171  14:17  Stalker x2  
  171  14:18  Stalker x2  
  179  14:31  Zealot x3  
  175  14:52  Immortal  
  179  15:07  Robotics Facility  
  179  15:13  Protoss Ground Weapons Level 2 (Chrono Boost)  
  179  15:17  Photon Cannon  
  179  15:21  Photon Cannon  
  179  15:25  Photon Cannon  
  179  15:27  Photon Cannon  
  179  15:30  Photon Cannon  
  179  15:34  Photon Cannon  
  179  15:37  Photon Cannon  
  179  15:44  Probe  
  179  15:45  Probe  
  179  15:49  High Templar x3  
  187  15:50  High Templar x2  
  187  15:52  Warp Prism (Chrono Boost)  
  193  15:58  Protoss Shields Level 1 (Chrono Boost)  
  193  15:59  Colossus (Chrono Boost)  
  199  16:11  Psionic Storm  
  185  16:51  Archon x2  
  175  17:10  Zealot x2  
  175  17:11  Zealot x2  
  169  17:47  Zealot  
  169  17:48  Zealot x5  
  169  17:49  Zealot  
Show
View Real Time Build Order
Export as new Build Order

iTaynT Terran 

Build Orders:  

Get SALT Encoding   

  12  0:01  SCV  
  13  0:13  SCV  
  14  0:19  Supply Depot  
  14  0:26  SCV  
  15  0:41  SCV  
  15  0:42  Barracks  
  16  0:53  SCV  
  17  1:01  Barracks  
  17  1:10  Refinery  
  17  1:11  SCV  
  18  1:23  SCV  
  19  1:31  Marine  
  20  1:35  SCV  
  21  1:49  Command Center  
  21  1:50  Marine  
  22  2:02  Supply Depot, Marine  
  23  2:12  Orbital Command  
  23  2:23  Marine  
  23  2:46  Barracks Tech Lab  
  23  2:48  Factory  
  23  2:56  Refinery  
  23  2:59  SCV  
  23  3:01  SCV  
  25  3:23  SCV x2  
  25  3:25  Engineering Bay  
  27  3:38  Barracks Reactor  
  27  3:42  Barracks  
  27  3:43  Barracks Reactor  
  27  3:44  Siege Tank  
  31  3:53  Engineering Bay  
  30  4:23  Planetary Fortress  
  30  4:42  Bunker  
  30  4:46  Barracks Tech Lab  
  30  4:54  Marine x3  
  30  4:55  Marine  
  34  5:09  Terran Infantry Weapons Level 1  
  34  5:12  Barracks x2  
  34  5:16  Starport  
  34  5:17  Factory  
  34  5:23  Barracks Reactor  
  34  5:32  Marine x2  
  34  5:33  Marine x2  
  38  5:39  SCV x2  
  40  5:45  Supply Depot  
  40  5:47  Supply Depot  
  40  5:51  SCV  
  41  6:00  SCV  
  41  6:03  SCV  
  43  6:08  Barracks Reactor  
  43  6:09  Barracks Tech Lab  
  43  6:10  Factory Tech Lab  
  43  6:11  Factory Reactor  
  43  6:14  SCV  
  43  6:15  SCV  
  45  6:26  Terran Infantry Armor Level 1  
  45  6:28  Combat Shields  
  45  6:31  Marine x2  
  47  6:38  SCV x2  
  38  7:38  SCV  
  38  7:39  SCV  
  40  7:48  Armory  
  40  7:51  SCV x2  
  42  8:04  Missile Turret  
  42  8:05  SCV x2  
  44  8:07  Marine x5  
  44  8:08  Marine x3  
  44  8:10  Missile Turret  
  44  8:12  Stimpack  
  52  8:43  Liberator  
  53  9:13  Marine x5  
  53  9:14  Marine x3  
  67  9:17  Hellbat x3  
  67  9:40  SCV x2  
  70  9:52  SCV  
  70  10:05  SCV  
  68  10:20  Marauder  
  70  10:28  Supply Depot x2  
  70  10:32  Refinery  
  70  10:34  Refinery  
  70  10:41  SCV  
  69  10:44  Marauder  
  64  10:51  Marine  
  64  10:52  Marine  
  64  10:53  SCV  
  64  10:54  Marine x5  
  72  11:00  Hellbat x2  
  72  11:03  Thor  
  82  11:05  SCV  
  83  11:17  SCV  
  82  11:46  Supply Depot  
  82  11:48  Supply Depot x2  
  82  12:07  Command Center  
  82  12:09  Marine x4  
  82  12:10  SCV x2, Marine x2  
  90  12:17  Factory x2  
  90  12:22  Command Center, SCV  
  91  12:23  SCV  
  92  12:40  Marauder  
  94  12:45  Supply Depot  
  94  12:46  Supply Depot  
  94  12:47  Supply Depot  
  94  13:07  Marauder x2  
  94  13:09  Marine x6  
  94  13:11  Thor  
  110  13:14  Hellbat x2  
  114  13:29  Marauder x2  
  113  13:55  Factory Tech Lab  
  113  13:59  Factory Tech Lab  
  113  14:00  SCV x4  
  117  14:05  Supply Depot  
  117  14:12  SCV x4  
  120  14:34  SCV x2  
  120  14:35  SCV x2  
  121  14:46  SCV  
  121  14:47  SCV x3  
  124  14:58  SCV  
  125  15:03  SCV x3  
  125  15:05  Marine x4  
  132  15:25  Refinery  
  132  15:27  Refinery, Marine x2  
  130  15:29  Siege Tank  
  130  15:31  Siege Tank  
  130  15:44  SCV x2  
  132  15:58  Supply Depot  
  132  16:00  Supply Depot  
  132  16:19  SCV x2, Siege Tank x2, Marine x8  
  132  16:21  Siege Tank  
Tags
 
Add a new tag
Caveats
  • Supply blocks, unpowered buildings, or Contaminate may cause inaccurate times.
  • Supply counts are checked every 10 seconds.